 Dungeon Crawl Stone Soup version 0.22-a0-553-g9358b0b (webtiles) character file.

60 iamserjio the Insei (level 3, -1/31 HPs)
             Began as a Draconian Monk on June 25, 2018.
             Slain by a river rat (8 damage)
             ... on level 3 of the Dungeon.
             The game lasted 00:04:41 (532 turns).

iamserjio the Insei (Draconian Monk)                 Turns: 532, Time: 00:04:42

Health: -1/31      AC:  5    Str: 13    XL:     3   Next: 80%
Magic:  3/3        EV: 13    Int: 11    God:
Gold:   56         SH:  0    Dex: 13    Spells: 2/2 levels left

rFire    . . .     SeeInvis .     - Unarmed
rCold    . . .     Gourm    .   (no shield)
rNeg     . . .     Faith    .   (armour unavailable)
rPois    .         Spirit   .   (helmet restricted)
rElec    .         Reflect  .   (no cloak)
rCorr    .         Harm     .   (no gloves)
MR       .....                  (no boots)
Stlth    ++........             (no amulet)
HPRegen  0.10/turn              (no ring)
MPRegen  0.08/turn              (no ring)

@: no status effects
A: unfitting armour, cold-blooded, AC +5
a: no special abilities


You were on level 3 of the Dungeon.
You were not hungry.

You visited 1 branch of the dungeon, and saw 4 of its levels.

You collected 56 gold pieces.

Inventory:

Hand Weapons
 e - a +0 quarterstaff
Missiles
 h - 10 poisoned needles
Armour
 d - a scarf of repulsion
Scrolls
 b - 3 scrolls of fog {unknown}
 g - a scroll of identify {unknown}
Potions
 c - a potion of haste {unknown}
 f - a potion of heal wounds {unknown}
Comestibles
 a - 2 rations


   Skills:
 - Level 3.5 Fighting
 - Level 3.0 Dodging
 - Level 2.1 Stealth
 * Level 4.2 Unarmed Combat


You had 2 spell levels left.
You didn't know any spells.
Your spell library was empty.

Dungeon Overview and Level Annotations

Branches:
Dungeon (4/15)
 Temple: D:4-7

Altars:

Portals:
Sewer: D:3


Innate Abilities, Weirdness & Mutations

Your plain brown scales are hard. (AC +5)
You cannot fit into any form of body armour.
You are cold-blooded and may be slowed by cold attacks.


Message History

You punch the giant cockroach, but do no damage.
The giant cockroach is almost dead.
The giant cockroach barely misses you. The giant cockroach closely misses you.
You hit the giant cockroach but do no damage.
Your punch misses the giant cockroach.
The giant cockroach closely misses you. x2
The giant cockroach barely misses you.
You punch the giant cockroach!
You kill the giant cockroach!
The giant cockroach bites you.
You hit the giant cockroach.
You kill the giant cockroach!
The river rat twitches its whiskers.
You hit the river rat. You tail-slap the river rat.
The river rat is severely wounded.
The river rat bites you!
* * * LOW HITPOINT WARNING * * *
You hit the river rat. You tail-slap the river rat.
The river rat is almost dead.
The river rat bites you!
You die...

######### ####### ##....
..## .......##..#####..#
.......@r.........#
......###..#####..#
≈≈≈...###.........###...
≈≈≈≈....>..#####..'.....
≈∩≈≈..............###...
≈≈≈≈.......#####..#### #
≈≈≈..................#
..........#####.#...#
........... ...#...###


You could see a river rat.

Vanquished Creatures
  An adder (D:2)
  2 oozes (D:1)
  A worm (D:2)
  4 giant cockroaches
  5 goblins
  6 hobgoblins
  4 jackals (D:2)
  5 bats
  2 frilled lizards
  2 kobolds
  4 rats
36 creatures vanquished.

Notes
Turn   | Place    | Note
-------+----------+-------------------------------------------
     0 | D:1      | iamserjio the Draconian Monk began the quest for the Orb.
     0 | D:1      | Reached XP level 1. HP: 19/19 MP: 1/1
   120 | D:1      | Reached XP level 2. HP: 20/26 MP: 2/2
   242 | D:2      | Reached XP level 3. HP: 14/31 MP: 3/3
   340 | D:2      | Reached skill level 4 in Unarmed Combat
   516 | D:3      | Found a glowing drain.
   532 | D:3      | Slain by a river rat

Vault maps used:
D:1:      dpeg_arrival_simpleton_a
D:3:      old_standard_altar, portal_sewer_entry_a, minmay_misc_feat_rows,
          nrook_mini_backslash, kennysheep_doodads,
          nicolae_ru_sacrificial_ziggurat
D:4:      first_ration

Skill      XL: |  1  2  3 |
---------------+----------+-----
Stealth        | 2 |  2.1
Dodging        | 3 |  3.0
Unarmed Combat | 4 |  4.2
Fighting       | |  3.5

Action                   || total
-------------------------++-------
Melee: Unarmed           ||   132
       Tailslap          ||    17
       Punch             ||     1
 Stab: Sleeping          ||     2
Armor: Skin              ||    41
Dodge: Dodged            ||   104

Table legend:
 A = Spawn XP
 B = Non-spawn XP
 C = Spawn XP percentage of total XP
 D = Spawn monster count
 E = Non-spawn monster count
 F = Spawn count percentage of total count
 G = Total turns spent on level
                    A         B        C        D         E        F      G
               +---------+---------+-------+---------+---------+-------+---------
         Total |       0 |      86 |   0.0 |       0 |      36 |   0.0 |   532
               +---------+---------+-------+---------+---------+-------+---------
           D:1 |       0 |      31 |   0.0 |       0 |      13 |   0.0 |   235
           D:2 |       0 |      47 |   0.0 |       0 |      19 |   0.0 |   149
           D:3 |       0 |       8 |   0.0 |       0 |       4 |   0.0 |   146
               +---------+---------+-------+---------+---------+-------+---------
